AoeStats
← Monsieur Garlíc

Arabia

510147030Analyzed
1v1 RM · 4d ago on Sep 29, 2026· 46m 9s· 2 players
Game mode
Random Map
Map size
Tiny (2 player)
Population
200
Speed
Normal
Resources
Standard
Victory
Conquest
Starting age
Dark Age
Ending age
Imperial Age
RankedLock teamsTeams togetherTeam positionsShared explorationLock speedFull tech treeHidden civsTurbo modeCheats
Victory
Defeat
🇭🇰 Magyars · Hong Kong SAR China
1029
+17
🇩🇪 Mongols · Germany
1049
-17
WwW
6:19 Loom
9:35 Feudal Age
10:08 Double-Bit Axe
13:26 Horse Collar
21:04 Castle Age
22:11 Bow Saw
22:03 Heavy Plow
23:25 Bloodlines
24:41 Gold Mining
24:43 Stone Mining
25:30 Wheelbarrow
25:32 Fletching
27:23 Hand Cart
28:20 Ballistics
28:34 Bodkin Arrow
29:49 Padded Archer Armor
30:40 Scale Barding Armor
30:38 Husbandry
30:00 Light Cavalry
32:13 Gold Shaft Mining
32:11 Leather Archer Armor
32:19 Chain Barding Armor
32:45 Thumb Ring
37:06 Imperial Age
34:23 Town Watch
37:35 Scale Mail Armor
37:56 Recurve Bow
37:18 Heavy Cavalry Archer
38:24 Parthian Tactics
39:09 Chemistry
38:12 Bracer
40:02 Hussar
41:13 Conscription
43:47 Town Patrol
46:22 Siege Engineers
46:48 Ring Archer Armor
46:53 Plate Barding Armor
Monsieur Garlíc
9:50 Loom
11:36 Feudal Age
17:01 Castle Age
15:02 Double-Bit Axe
15:35 Horse Collar
16:47 Gold Mining
16:58 Stone Mining
18:37 Squires
21:58 Heavy Plow
23:58 Fletching
25:21 Bodkin Arrow
27:17 Padded Archer Armor
27:54 Bow Saw
28:46 Leather Archer Armor
34:16 Ballistics
34:47 Wheelbarrow
36:02 Town Watch
37:23 Bloodlines
37:14 Husbandry
38:23 Hand Cart
42:52 Imperial Age
42:30 Gold Shaft Mining
43:01 Pikeman
Connection lost

Rejoining the realm…

Still unreachable

The connection could not be restored.

Session expired

The server has moved on; the page needs a fresh start.